cohdb
Replays
Latest Replays
All Replays
Popular Replays
Top Player Replays
Match Explorer
How It Works
Community
CoH3 Stats
Reddit
Sign in to upload your games and track your stats! →
Sign in with Steam
Match 46763045
Unlisted
Match 46763045
Overview
Messages
Build Orders
End
Scout Squad
Construct Barracks
Riflemen Squad
Riflemen Squad
Grenade Package
Riflemen Squad
Construct Medical Station
Mechanized Support Center
Riflemen Squad
Construct Motor Pool
Selects Armored Battlegroup
Selects Veteran Crews
Selects Field Repairs
M8 Greyhound Armored Car
M8 Greyhound Armored Car
Designate Forward Repair Station
Improvised Armor
Selects War Machine
M8 Greyhound Armored Car
M1 Anti-tank Gun Team
M1 Anti-tank Gun Team
M1918 Browning Automatic Rifles
M8 Greyhound Armored Car
Selects Strength in Steel
Selects Seek and Destroy
Field Repairs
Riflemen Squad
Engineer Squad
Construct Tank Depot
Salvage Crew
Field Repairs
Seek and Destroy
M18 Hellcat Tank Destroyer
M18 Hellcat Tank Destroyer
jpeg
UMirinBrah?
0
0
Comments
sign in to comment!
No comments posted yet!